 Dungeon Crawl Stone Soup version 0.22-a0-469-gf26638a71f (webtiles) character file.

168 Faustar the Magician (level 5, -6/31 HPs)
             Began as an Octopode Conjurer on June 12, 2018.
             Killed by divine providence
             ... invoked by an orc priest
              (14 damage)
             ... on level 3 of the Dungeon.
             The game lasted 00:06:25 (3063 turns).

Faustar the Magician (Octopode Conjurer)            Turns: 3063, Time: 00:06:27

Health: -6/31      AC:  1    Str:  7    XL:     5   Next: 49%
Magic:  10/12      EV: 13    Int: 19    God:
Gold:   172        SH:  0    Dex: 12    Spells: 11/14 levels left

rFire    . . .     SeeInvis .   (no weapon)
rCold    . . .     Gourm    .   (no shield)
rNeg     . . .     Faith    .   (helmet restricted)
rPois    .         Spirit   .   (no amulet)
rElec    .         Reflect  .   (no ring)
rCorr    .         Harm     .   (no ring)
MR       .....                  (no ring)
Stlth    +++.......             (no ring)
HPRegen  0.10/turn              (no ring)
MPRegen  0.13/turn              (no ring)
                                (no ring)
                                (no ring)

@: lethally poisoned (-6 -> -28)
A: almost no armour, stealthy swim, amphibious, 8 rings, constrict 8, camouflage
1, gelatinous body 1
a: no special abilities


You were on level 3 of the Dungeon.
You were near starving.

You visited 1 branch of the dungeon, and saw 4 of its levels.

You collected 172 gold pieces.

Inventory:

Scrolls
 a - 3 scrolls of immolation {unknown}
 c - 2 scrolls of magic mapping {unknown}
 d - a scroll of enchant weapon {unknown}
 h - a scroll of fog {unknown}
 i - a scroll of noise {unknown}
 j - a scroll of identify {unknown}
 k - a scroll of remove curse {unknown}
 l - a scroll of teleportation {unknown}
Potions
 e - a potion of mutation {unknown}
 f - a potion of lignification {unknown}
 g - a potion of might {unknown}
 m - a potion of heal wounds {unknown}
 n - a potion of ambrosia {unknown}
 o - a potion of berserk rage {unknown}
 p - a potion of curing {unknown}
Comestibles
 b - 3 rations


   Skills:
 - Level 2.0 Dodging
 - Level 2.6 Stealth
 - Level 5.0 Spellcasting
 + Level 4.1 Conjurations


You had 11 spell levels left.
You knew the following spells:

 Your Spells              Type           Power        Failure   Level  Hunger
a - Magic Dart            Conj           ###.         2%          1    None
b - Searing Ray           Conj           ###...       3%          2    #......

Your spell library contained the following spells:

 Spells                   Type           Power        Failure   Level  Hunger
 Iskenderun's Mystic Bla  Conj           ###.....     22%         4    ####...
 Fulminant Prism          Conj/Hex       ##........   47%         4    ####...
 Dazzling Spray           Conj/Hex       ##....       16%         3    ##.....
 Force Lance              Conj/Tloc      ##......     47%         4    ####...


Dungeon Overview and Level Annotations

Branches:
Dungeon (4/15)
 Temple: D:4-7

Altars:
Gozag
Ru
Xom

Annotations:
D:3 Zaque's ghost, amateur GrFi


Innate Abilities, Weirdness & Mutations

You cannot wear most types of armour.
You are very stealthy in the water. (Stealth+)
You are amphibious.
You can wear up to eight rings at the same time.
You can use your tentacles to constrict eight enemies at once.
Your skin changes colour to match your surroundings (Stealth+).
Your rubbery body absorbs attacks. (AC +1, EV +1)


Message History

The poisoned tomahawk hits you.
You are lethally poisoned!
You climb upwards.
Level annotation: Zaque's ghost, amateur GrFi You feel very sick.
There is a stone staircase leading down here.
Unknown command.
Casting: Searing Ray (safe; 3% risk of failure)
Confirm with . or Enter, or press ? or * to list all spells.
Aiming: Searing Ray (safe; 3% risk of failure)
Press: ? - help, Shift-Dir - straight line, f - orc priest
Aim: an orc priest, wielding a hand axe and wearing a leather armour (moderately wounded)
The searing ray hits the orc priest.
The orc priest is heavily wounded. (Press . to maintain the ray.)
You feel sick. The orc hits you with a short sword.
* * * LOW HITPOINT WARNING * * *
The orc priest mumbles some strange prayers to Beogh against you.
Beogh smites you!
You die...

##### ....# ..#.#
#.#.# ####### #.#.#
#.....# #.#.# #.....#
##.#.####.....####
...............o@#
##.#..........#o##
#.#.####.....#.#######
#.#..#...............#
#.#..#.#.....#.#####.#
#.#..#.#######.# #.#
#.#..#.# #.# #.#
#.####.# #.# #.#
#.#..#.# #.# #.#


You could see an orc priest and an orc.

Vanquished Creatures
  An orc wizard (D:3)
  2 orc priests (D:3)
  3 adders (D:2)
  An ooze (D:3)
  A worm (D:3)
  A dart slug (D:3)
  A leopard gecko (D:1)
  An orc (D:3)
  3 giant cockroaches (D:2)
  3 goblins
  4 hobgoblins
  5 jackals
  2 kobolds
  2 quokkas
  A ball python (D:2)
  9 bats
  A frilled lizard (D:2)
  5 rats
46 creatures vanquished.

Notes
Turn   | Place    | Note
-------+----------+-------------------------------------------
     0 | D:1      | Faustar the Octopode Conjurer began the quest for the Orb.
     0 | D:1      | Reached XP level 1. HP: 11/11 MP: 3/3
   174 | D:1      | Reached XP level 2. HP: 12/17 MP: 1/5
   862 | D:2      | Reached skill level 3 in Spellcasting
   931 | D:2      | Learned a level 2 spell: Searing Ray
   983 | D:2      | Reached XP level 3. HP: 6/21 MP: 0/7
  1195 | D:2      | Found an opulent altar of Gozag.
  1548 | D:2      | Found a sacrificial altar of Ru.
  1735 | D:2      | Found a shadowy altar of Dithmenos.
  1748 | D:2      | Found a shimmering altar of Xom.
  1748 | D:2      | Found an ornate altar of the Wu Jian Council.
  1819 | D:2      | Found a deep blue altar of Sif Muna.
  1819 | D:2      | Found a shattered altar of Ashenzari.
  1819 | D:2      | Found a deep blue altar of Sif Muna.
  2100 | D:3      | Reached XP level 4. HP: 27/27 MP: 6/9
  2124 | D:2      | Reached skill level 4 in Spellcasting
  2237 | D:3      | Reached XP level 5. HP: 31/31 MP: 4/12
  2331 | D:3      | Reached skill level 5 in Spellcasting
  2668 | D:3      | Noticed Zaque's ghost (amateur GrFi)
  3063 | D:3      | Killed from afar by an orc priest

Vault maps used:
D:1:      scummos_arrival_hexagon
D:2:      cheibrodos_old_hovel, old_standard_altar, doesnt_xom_only_xom,
          nicolae_gozag_cash_rules_everything_around_me
D:3:      cheibrodos_thug_alley, first_ration, minmay_misc_feat_doors
D:4:      temple_fountains

Skill      XL: |  1  2  3  4  5 |
---------------+----------------+-----
Spellcasting   | 3 4 5 |  5.0
Dodging        | |  2.0
Stealth        | |  2.6
Conjurations   | |  4.1

Action                   |  1- 3 |  4- 6 || total
-------------------------+-------+-------++-------
Melee: Unarmed           |    10 |     1 ||    11
       Tentacles         |     3 |     1 ||     4
       Constrict         |     3 |       ||     3
 Cast: Magic Dart        |    71 |    34 ||   105
       Searing Ray       |     1 |     5 ||     6
 Stab: Sleeping          |       |     1 ||     1
  Eat: Chunk             |     3 |     2 ||     5
Dodge: Dodged            |    17 |     8 ||    25

Table legend:
 A = Spawn XP
 B = Non-spawn XP
 C = Spawn XP percentage of total XP
 D = Spawn monster count
 E = Non-spawn monster count
 F = Spawn count percentage of total count
 G = Total turns spent on level
                    A         B        C        D         E        F      G
               +---------+---------+-------+---------+---------+-------+---------
         Total |       0 |     241 |   0.0 |       0 |      46 |   0.0 |  3063
               +---------+---------+-------+---------+---------+-------+---------
           D:1 |       0 |      22 |   0.0 |       0 |      13 |   0.0 |   852
           D:2 |       0 |      71 |   0.0 |       0 |      23 |   0.0 |  1484
           D:3 |       0 |     148 |   0.0 |       0 |      10 |   0.0 |   724
               +---------+---------+-------+---------+---------+-------+---------
